 Dungeon Crawl Stone Soup version bcrawl-1.18 (webtiles) character file.

Game seed: 15300576179655157386

170 JackS81 the Firebug (level 5, -4/31 HPs)
             Began as a Fairy Fire Elementalist on Nov 2, 2019.
             Killed from afar by Natasha (7 damage)
             ... with a magic dart
             ... on level 3 of the Dungeon.
             The game lasted 00:11:44 (2221 turns).

JackS81 the Firebug (Fairy Fire Elementalist)       Turns: 2221, Time: 00:11:45

Health: -4/31      AC:  4    Str:  6    XL:     5   Next: 50%
Magic:  10/12      EV: 21    Int: 19    God:
Gold:   214        SH:  4    Dex: 13    Spells: 8/11 levels left

rFire    . . .     SeeInvis .   d - +3 hunting sling
rCold    . . .     Gourm    .   (shield restricted)
rNeg     . . .     Faith    .   (armour unavailable)
rPois    .         Spirit   .   (no helmet)
rElec    .         Reflect  .   q - scarf {cloud immunity}
rCorr    .         Harm     .   (no gloves)
MR       .....                  (no boots)
Stlth    +.........             (no amulet)
HPRegen  0.10/turn              m - +4 ring of evasion
MPRegen  0.13/turn              (no ring)

@: igniting projectiles, flying evasively, very slightly contaminated
A: small, magic attunement, unstealthy, unfitting armour, able to fly, AC/SH +4
a: Stop Flying


You were on level 3 of the Dungeon.
You were not hungry.

You visited 1 branch of the dungeon, and saw 3 of its levels.

You collected 214 gold pieces.

Inventory:

Hand Weapons
 d - a +3 hunting sling (weapon)
 f - a +0 dagger
 g - a +0 hunting sling of flaming
 j - a +0 dagger
Missiles
 b - 833 stones
 e - 853 sling bullets (quivered)
Armour
 q - a scarf of cloud immunity (worn)
Jewellery
 m - a +4 ring of evasion (left hand)
 s - an uncursed amulet of regeneration
Scrolls
 h - 2 scrolls of remove curse {unknown}
 i - a scroll of identify
 l - 2 scrolls of fog {unknown}
 n - 2 scrolls of amnesia {unknown}
 o - a scroll of enchant weapon {unknown}
Potions
 a - a potion of heal wounds {unknown}
 k - a potion of curing
 p - 2 potions of brilliance {unknown}
Comestibles
 c - 5 rations {!d}
 r - 5 chunks of flesh


   Skills:
 * Level 0.4 Short Blades
 - Level 1.0 Slings
 + Level 2.8 Dodging
 - Level 1.5 Stealth
 * Level 3.6 Spellcasting
 * Level 3.0 Conjurations
 * Level 5.5 Fire Magic


You had 8 spell levels left.
You knew the following spells:

 Your Spells              Type           Power        Failure   Level  Hunger
a - Flame Tongue          Conj/Fire      ###..        2%          1    None
b - Flaming Arrows        Chrm/Fire      ##......     7%          2    None

Your spell library contained the following spells:

 Spells                   Type           Power        Failure   Level  Hunger
 Conjure Flame            Conj/Fire      ###.....     8%          3    None
 Inner Flame              Hex/Fire       N/A          14%         3    None
 Sticky Flame             Conj/Fire      ###.....     24%         4    None
 Fireball                 Conj/Fire      ###.......   56%         5    None


Dungeon Overview and Level Annotations

Branches:
Dungeon (3/12)

Altars:
Nemelex Xobeh
Ru
Yredelemnul

Annotations:
D:3 Natasha


Innate Abilities, Weirdness & Mutations

Your spells do not cause hunger and MP costs are reduced by 1.
Your bright wings attract enemies. (Stealth-)
You cannot fit into any form of body armour.
Your shimmering scales are hard and can block incoming attacks. (AC +4, SH +4)
You are small and have problems with some larger weapons.
You can fly continuously.


Message History

Natasha barely misses you.
Casting: Flame Tongue (safe; 2% risk of failure)
Confirm with . or Enter, or press ? or * to list all spells.
Aiming: Flame Tongue (safe; 2% risk of failure)
Press: ? - help, Shift-Dir - straight line, f/p - Natasha
Aim: Natasha (almost dead)
You miscast Flame Tongue.
You are very lightly contaminated with residual magic.
Nothing appears to happen.
Natasha mewls in sadness.
You block Natasha's attack.
Casting: Flame Tongue (safe; 2% risk of failure)
Confirm with . or Enter, or press ? or * to list all spells.
Aiming: Flame Tongue (safe; 2% risk of failure)
Press: ? - help, Shift-Dir - straight line, f/p - Natasha
Aim: Natasha (almost dead)
The flame tongue misses Natasha.
Natasha stares at you and mumbles some strange words.
The magic dart hits you!
You die...

#.#...#.#..#
#......%...#
#.......$.##
#...).......
#...##.##.##
##.)# # #.##
#h# #@# #.#
#.# #.# #.#
#.# #.# #.#
#.#


You could see Natasha.

Vanquished Creatures
  An orc wizard (D:2)
  Natasha (twice) (D:3)
  2 adders (D:3)
  4 worms (D:2)
  2 dart slugs
  A leopard gecko (D:2)
  5 orcs
  3 bats
  2 giant cockroaches (D:2)
  8 goblins
  5 hobgoblins
  6 jackals
  6 kobolds
  3 frilled lizards
  A rat (D:1)
51 creatures vanquished.

Notes
Turn   | Place    | Note
-------+----------+-------------------------------------------
     0 | D:1      | JackS81 the Fairy Fire Elementalist began the quest for the
                  | Orb.
     0 | D:1      | Reached XP level 1. HP: 11/11 MP: 6/6
   245 | D:1      | Reached skill level 4 in Fire Magic
   245 | D:1      | Reached XP level 2. HP: 17/17 MP: 7/7
   265 | D:1      | Learned a level 2 spell: Flaming Arrows
   708 | D:1      | Reached XP level 3. HP: 21/21 MP: 9/9
  1087 | D:2      | Found a sparkling altar of Nemelex Xobeh.
  1425 | D:2      | Reached skill level 5 in Fire Magic
  1425 | D:2      | Reached XP level 4. HP: 13/27 MP: 8/11
  1843 | D:2      | Found a sacrificial altar of Ru.
  1844 | D:2      | Found a basalt altar of Yredelemnul.
  1990 | D:3      | Reached XP level 5. HP: 31/31 MP: 12/12
  2006 | D:3      | Noticed Natasha
  2022 | D:3      | Killed Natasha
  2192 | D:3      | Noticed Natasha
  2202 | D:3      | Killed Natasha
  2202 | D:3      | Reached skill level 1 in Slings
  2208 | D:3      | Noticed Natasha
  2221 | D:3      | Killed from afar by Natasha

Skill      XL: |  1  2  3  4  5 |
---------------+----------------+-----
Fire Magic     | 4 5 |  5.5
Spellcasting   | 3 |  3.6
Conjurations   | 2 3 |  3.0
Slings         | 1 |  1.0
Short Blades   | |  0.4
Dodging        | |  2.8
Stealth        | |  1.5

Action                   |  1- 3 |  4- 6 || total
-------------------------+-------+-------++-------
 Fire: Hunting sling     |    26 |    16 ||    42
Throw: Stone             |     3 |       ||     3
 Cast: Flame Tongue      |    41 |    36 ||    77
       Flaming Arrows    |     8 |     4 ||    12
  Use: Scroll            |     3 |       ||     3
       Potion            |       |     1 ||     1
  Eat: Chunk             |     1 |     3 ||     4
Armor: Skin              |     2 |     3 ||     5
Dodge: Dodged            |    12 |    15 ||    27
Block: Other             |     4 |     2 ||     6
